 Dungeon Crawl Stone Soup version 0.28-a0-502-g6c43a8f463 (webtiles) character file.

Game seed: 17905114706050579631

256078 Dabor the Impaler (level 21, -14/172 HPs)
             Began as a Formicid Abyssal Knight on Sept 19, 2021.
             Was an Elder of Lugonu.
             Demolished by a large abomination (22 damage)
             ... on level 4 of the Abyss on Sept 20, 2021.
             The game lasted 03:25:59 (37059 turns).

Dabor the Impaler (Formicid Abyssal Knight)        Turns: 37059, Time: 03:26:00

Health: -14/172    AC: 35    Str: 23      XL:     21   Next: 7%
Magic:  29/29      EV: 12    Int: 10 (13) God:    Lugonu [****..]
Gold:   1244       SH:  8    Dex: 12 (13) Spells: 20/20 levels left

rFire   + . .      SeeInvis +   o - +7 glaive of Doom {vorpal, rElec rC+ rN+}
rCold   + . .      Faith    .   M - +2 buckler of the Thistle {Will++ rCorr Stlth+}
rNeg    + + .      Spirit   .   u - +7 plate armour of Uvvax {Dex+4}
rPois   +          Reflect  .   (helmet unavailable)
rElec   +          Harm     .   j - +2 cloak {rPois}
rCorr   +          Rampage  .   Q - +2 pair of gloves {archery}
Will    ++++.                   B - +2 pair of boots
Stlth   ..........              p - amulet of regeneration
HPRegen 0.00/turn               S - ring of protection from fire
MPRegen 0.21/turn               E - ring of positive energy

@: mildly diseased, studying 4 skills, unable to read
A: permanent stasis, dig shafts and tunnels, antennae 3, four strong arms, sense
surroundings 1, poison resistance, regeneration 1, screaming 1, wild magic 1, no
potion heal 1, inability to read while threatened, clumsy 1[+1], [deterioration
2], [low mp 1]
}: 1/15 runes: decaying
a: Dig, Shaft Self, Renounce Religion, Depart the Abyss, Bend Space, Banish,
Corrupt


You were on level 4 of the Abyss.
You worshipped Lugonu.
Lugonu was greatly pleased with you.
You visited 6 branches of the dungeon, and saw 27 of its levels.
You visited the Abyss 4 times.
You visited 1 bazaar.
You also visited: Sewer, Ice Cave and Wizlab.

You collected 4618 gold pieces.
You spent 3374 gold pieces at shops.

Inventory:

Hand Weapons
 o - the +7 glaive of Doom (weapon) {vorpal, rElec rC+ rN+}
   (You acquired it on level 3 of the Dungeon)

   It inflicts extra damage upon your enemies.
   rC:        It protects you from cold.
   rElec:     It insulates you from electricity.
   rN:        It protects you from negative energy.
 s - a +3 demon trident of electrocution
 N - the +7 trident "Earthworm" {freeze, Int+2}
   (You took it off a deep elf demonologist on level 3 of the Elven Halls)

   It freezes those it strikes, dealing additional cold damage.
   It can also slow down cold-blooded creatures.
   Int:       It affects your intelligence (+2).
 O - a +8 bardiche of draining
Missiles
 e - 5 silver boomerangs
 l - 6 javelins
 C - 7 silver javelins
 G - 7 boomerangs of dispersal
 H - 10 atropa-tipped darts
 K - 41 poisoned darts (quivered)
 Z - 4 datura-tipped darts
Armour
 j - a +2 cloak of poison resistance (worn)
 u - the +7 plate armour of Uvvax (worn) {Dex+4}
   (You found it on level 3 of the Elven Halls)

   Dex:       It affects your dexterity (+4).
 w - the +6 ice dragon scales of Moifips {rF- rC++ Stlth+}
   (You found it on level 3 of the Elven Halls)

   rF:        It makes you vulnerable to fire.
   rC:        It greatly protects you from cold.
   Stlth:     It makes you more stealthy.
 B - a +2 pair of boots (worn)
 M - the +2 buckler of the Thistle (worn) {Will++ rCorr Stlth+}
   (You took it off a kobold on level 8 of the Dungeon)

   rCorr:     It protects you from acid and corrosion.
   Will:      It greatly increases your willpower.
   Stlth:     It makes you more stealthy.
 Q - a +2 pair of gloves of archery (worn)
 R - the +2 pair of gloves of Beakis {Harm rF- rC+}
   (You found it on level 3 of the Elven Halls)

   rF:        It makes you vulnerable to fire.
   rC:        It protects you from cold.
   Harm:      It increases damage dealt and taken.
Jewellery
 i - the ring "Soodinua" {Will+ Stlth+}
   (You found it on level 3 of the Elven Halls)

   [ring of willpower]

   Will:      It increases your willpower.
   Stlth:     It makes you more stealthy.
 p - an amulet of regeneration (around neck)
 E - a ring of positive energy (right hand)
 S - a ring of protection from fire (left hand)
 W - a ring of flight
Wands
 h - a wand of acid (3)
 n - a wand of polymorph (7)
 J - a wand of iceblast (39)
 U - a wand of paralysis (7)
 Y - a wand of flame (23)
Scrolls
 a - a scroll of summoning
 g - 2 scrolls of silence
 q - 14 scrolls of identify
 t - 4 scrolls of magic mapping
 y - 5 scrolls of amnesia
 A - 5 scrolls of enchant armour
 D - 3 scrolls of fear
 L - 4 scrolls of fog
 P - 4 scrolls of immolation
 V - 4 scrolls of vulnerability
 X - a scroll of enchant weapon
Potions
 b - 2 potions of brilliance
 d - 6 potions of mutation
 f - 5 potions of flight
 k - 7 potions of ambrosia
 m - 7 potions of curing
 v - 5 potions of might
 z - 2 potions of resistance
 T - a potion of invisibility
Miscellaneous
 c - a piece from Xom's chessboard (15/15)
 r - a box of beasts
 x - a phial of floods
 I - a tin of tremorstones (2/2)


   Skills:
 * Level 16.4 Fighting
 * Level 18.4 Polearms
 + Level 9.0 Throwing
 + Level 16.2 Armour
 + Level 13.5 Dodging
 - Level 5.0 Stealth
 * Level 9.8 Shields
 + Level 15.8 Invocations
 + Level 7.2 Evocations


You had 20 spell levels left.
You didn't know any spells.
Your spell library contained the following spells:

 Spells                   Type           Power      Damage    Failure   Level
 Foxfire                  Conj/Fire      0%         2x1d4     98%         1
 Shock                    Conj/Air       0%         1d3       98%         1
 Summon Small Mammal      Summ           0%         N/A       98%         1
 Ensorcelled Hibernation  Hex/Ice        0%         N/A       99%         2
 Passwall                 Tmut/Erth      0%         N/A       99%         2
 Slow                     Hex            0%         N/A       99%         2
 Sublimation of Blood     Necr           0%         N/A       99%         2
 Call Canine Familiar     Summ           0%         N/A       100%        3
 Confusing Touch          Hex            0%         N/A       100%        3
 Conjure Flame            Conj/Fire      0%         6-21      100%        3
 Ignite Poison            Fire/Tmut/Pois 0%         N/A       100%        3
 Inner Flame              Hex/Fire       0%         N/A       100%        3
 Mephitic Cloud           Conj/Pois/Air  0%         N/A       100%        3
 Portal Projectile        Hex/Tloc       0%         N/A       100%        3
 Spider Form              Tmut/Pois      0%         N/A       100%        3
 Summon Guardian Golem    Hex/Summ       0%         N/A       100%        3
 Vampiric Draining        Necr           0%         2d6       100%        3
 Airstrike                Air            0%         N/A       100%        4
 Animate Armour           Summ/Erth      0%         N/A       100%        4
 Animate Dead             Necr           0%         N/A       100%        4
 Dispel Undead            Necr           0%         3d6       100%        4
 Flame Wave               Conj/Fire      0%         3d3       100%        4
 Hailstorm                Conj/Ice       0%         3d3       100%        4
 Ice Form                 Ice/Tmut       0%         N/A       100%        4
 Leda's Liquefaction      Hex/Erth       0%         N/A       100%        4
 Olgreb's Toxic Radiance  Pois           0%         N/A       100%        4
 Summon Ice Beast         Ice/Summ       0%         N/A       100%        4
 Summon Lightning Spire   Summ/Air       0%         N/A       100%        4
 Alistair's Intoxication  Tmut/Pois      0%         N/A       100%        5
 Blade Hands              Tmut           0%         N/A       100%        5
 Borgnjor's Vile Clutch   Necr/Erth      0%         N/A       100%        5
 Excruciating Wounds      Necr           0%         N/A       100%        5
 Irradiate                Conj/Tmut      0%         3d13      100%        5
 Lightning Bolt           Conj/Air       0%         1d11      100%        5
 Summon Forest            Summ/Tloc      0%         N/A       100%        5
 Summon Mana Viper        Hex/Summ       0%         N/A       100%        5
 Yara's Violent Unravell  Hex/Tmut       0%         3d3       100%        5
 Conjure Ball Lightning   Conj/Air       0%         3x3d6     100%        6
 Death Channel            Necr           0%         N/A       100%        6
 Invisibility             Hex            0%         N/A       100%        6
 Iron Shot                Conj/Erth      0%         9d1       100%        6
 Simulacrum               Ice/Necr       0%         N/A       100%        6
 Summon Cactus Giant      Summ           0%         N/A       100%        6
 Dragon Form              Tmut           0%         N/A       100%        7
 Haunt                    Necr/Summ      0%         N/A       100%        7
 Malign Gateway           Summ/Tloc      0%         N/A       100%        7
 Spellforged Servitor     Conj/Summ      0%         N/A       100%        7
 Storm Form               Tmut/Air       0%         N/A       100%        7
 Discord                  Hex            0%         N/A       100%        8
 Disjunction              Tloc           0%         N/A       100%        8
 Infestation              Necr           0%         N/A       100%        8
 Maxwell's Capacitive Co  Air            0%         ∞         100%        8
 Summon Horrible Things   Summ           0%         N/A       100%        8
 Swiftness                Air            Unusable   N/A       N/A         3

Dungeon Overview and Level Annotations

Branches:
Dungeon (11/15)            Temple (0/1) D:6            Lair (6/6) D:8
  Swamp (4/4) Lair:3        Snake (1/4) Lair:3        Slime (0/5) Lair:6
    Orc (2/2) D:11            Elf (3/3) Orc:2         Sewer (visited)
  IceCv (visited)          WizLab (visited)

Altars:
Ashenzari
Fedhas
Makhleb
Okawaru
Sif Muna
Trog
Xom
Zin
The Shining One
Beogh

Shops:
D:2 !   D:5 **=   Orc:2 ([!(=**   Elf:1 :   Elf:2 *   Elf:3 [

Annotations:
Lair:4 corrupted
Swamp:3 corrupted


Innate Abilities, Weirdness & Mutations

You cannot be hasted, slowed, berserked, paralysed or teleported.
You can dig through walls and to a lower floor.
You have a pair of large antennae on your head. (SInv)
Your four strong arms can wield two-handed weapons with a shield.
You passively map a small area around you.
Your system is resistant to poisons. (rPois)
Your natural rate of healing is unusually fast.
You occasionally shout uncontrollably at your foes.
Your spells are a little harder to cast, but a little more powerful.
Potions are less effective at restoring your health.
You sometimes lose the ability to read scrolls when taking damage.
[You are very clumsy. (Dex -4)]
[Your body often deteriorates upon taking damage.]
[Your magical capacity is low. (-10% MP)]


Message History

The blast of flame hits the hell hog.
The hell hog resists.
The hell hog bites your hell hound!
Your hell hound dies!
Your hell hound's corpse dissolves into shadows!
A starcursed mass splits.
You feel less invigorated.
You feel less confused.
Your hell hound bites the hell hog.
The hell hog barely misses your hell hound.
The large abomination hits you!
* * * LOW HITPOINT WARNING * * *
The starcursed mass touches your hell hound.
The starcursed mass touches your wretched star.
Your hell hound bites the starcursed mass.
The starcursed mass shudders and is absorbed by its neighbour.
The hell hog bites your hell hound but does no damage.
A chorus of shrieks assaults your mind.
* * * LOW HITPOINT WARNING * * *
Your hell hound breathes flames at the hell hog.
The blast of flame hits the hell hog.
The hell hog resists.
The hell hog bites your hell hound!
Your hell hound dies!
Your hell hound's corpse dissolves into shadows!
A starcursed mass splits.
Your system partially rejects the healing.
You feel better.
The large abomination hits you but does no damage.
The large abomination hits your wretched star!!
A starcursed mass splits.
The hell hog breathes fire at you.
The fireball explodes!
The fireball engulfs you! You resist.
* * * LOW HITPOINT WARNING * * *
The large abomination hits your wretched star!!
A chorus of shrieks assaults your mind.
* * * LOW HITPOINT WARNING * * *
Your wretched star glows turbulently.
The lance of force hits the hell hog!
The hell hog is knocked back by the lance of force.
The hell hog slams into the stone wall!
The large abomination hits you!!
You die...

# ..######
#.....### #.....#
.# ##.....##..# #
.#....X@..#.#.#
...###...##$.#.
.#.#..X# #.#
.(.##h*d#{#####
..#(#.#X.X..#....
##((. .X#.##.....
### #...##.....
######....... # {
# .{.#


You could see 3 starcursed masses, a black draconian, a hell hog (ally target),
2 large abominations and a friendly wretched star (summoned).

Vanquished Creatures
  Nikola (Swamp:4)
  The ghost of Suip the Peltast, an adept MiFi of Okawaru (Elf:2)
  A bone dragon (Abyss:2)
  The ghost of Cakin the Tortoise, an adept DDNe of Okawaru (Elf:1)
  The ghost of TimeIsEndless the Fencer, an adept FoFi of Okawaru (Swamp:4)
  3 liches
  3 deep elf blademasters (Elf:3)
  A deep elf master archer (Elf:3)
  4 tentacled starspawn
  The ghost of Kiunuk the Fighter, an adept DsIE of Gozag (Elf:1)
  Agnes (Lair:3)
  2 thorn hunters
  The ghost of Eheximeo the Cleaver, an adept GnBe of Trog (Elf:1)
  The ghost of Xplodonator the Bludgeoner, a journeyman MiBe of Trog (Elf:1)
  7 deep elf sorcerers
  5 deep elf elementalists (Elf:3)
  An orc warlord (Orc:2)
  A cacodemon (Abyss:3)
  3 ghouls
  2 reapers (Abyss:1)
  3 very ugly things
  The ghost of Naivonosm the Eclecticist, a journeyman DEIE of Vehumet (Elf:1)
  Azrael (Orc:2)
  7 deep elf demonologists
  An ophan (Abyss:2)
  7 deep elf annihilators (Elf:3)
  A lorocyproca (WizLab)
  The ghost of Berchol the Thaumaturge, a journeyman DgCj (Lair:5)
  3 bunyips
  A blizzard demon (WizLab)
  A mummy priest (Elf:2)
  2 green deaths (WizLab)
  3 fire dragons
  6 eleionomae
  Josephine (D:11)
  3 deep elf death magi
  A shambling mangrove (Swamp:2)
  3 deep elf high priests (Elf:3)
  13 hydras
  A ghost crab (Swamp:4)
  An ogre mage (D:10)
  A rakshasa (Abyss:2)
  A boulder beetle (D:11)
  An ice dragon (Lair:6)
  A hell beast (WizLab)
  2 naga warriors (Snake:1)
  3 centaur warriors (D:10)
  3 two-headed ogres
  5 alligators
  A tengu warrior (D:10)
  4 death yaks (Lair:6)
  2 orc high priests (Elf:2)
  A spriggan berserker (Swamp:3)
  5 naga sharpshooters
  30 dancing weapons
  11 deep elf knights
  3 thrashing horrors
  Urug (D:11)
  10 large abominations
  5 wretched stars
  8 spriggans
  4 hell knights (Abyss:4)
  Nergalle (D:11)
  A fire crab (shapeshifter) (Elf:3)
  2 fire crabs (Swamp:4)
  2 goliath frogs (Swamp:1)
  5 sixfirhies
  2 glowing orange brains (Abyss:4)
  9 swamp dragons
  2 wizards (D:10)
  6 deep elf archers
  2 shadow demons (Elf:2)
  2 bog bodies
  2 lindwurms (Lair:6)
  An orange crystal statue (D:10)
  2 orc knights
  5 necromancers
  A mana viper (Lair:3)
  2 ugly things (IceCv)
  11 deep elf pyromancers
  24 deep elf zephyrmancers
  2 worldbinders
  An oklob plant (D:9)
  3 orc sorcerers
  A manticore (D:11)
  4 cyclopes
  3 will-o-the-wisps
  4 elephants
  A naga mage (Snake:1)
  5 black mambas
  3 ice statues (IceCv)
  Maurice (Abyss:1)
  8 smoke demons
  Maggie (D:6)
  5 torpor snails (Lair:6)
  8 cane toads
  An efreet (D:10)
  2 kobold demonologists (Elf:2)
  2 hellions (Abyss:4)
  12 rime drakes
  An unseen horror (Abyss:2)
  16 komodo dragons
  An entropy weaver simulacrum (IceCv)
  A hellwing (WizLab)
  A queen bee (Lair:5)
  7 ancient zymes
  3 trolls
  2 bloated husks (Swamp:2)
  3 meliai (Lair:5)
  10 raiju
  12 tyrant leeches
  17 hornets
  A polar bear (Lair:6)
  A slime creature (D:10)
  6 dream sheep (Lair:6)
  3 blink frogs (Lair:4)
  Grinder (D:6)
  10 starcursed masses
  16 small abominations
  A tarantella (shapeshifter) (Elf:1)
  6 air elementals
  6 flying skulls (Abyss:3)
  4 wyverns
  3 ynoxinuls
  5 wraiths
  2 vampires
  6 basilisks
  3 water elementals
  11 fire elementals
  50 yaks
  4 chaos spawn
  A basilisk (shapeshifter) (Abyss:2)
  4 fire bats
  2 neqoxecs
  13 vampire mosquitoes
  8 steam dragons
  A warg (D:10)
  12 nagas
  A harpy simulacrum (IceCv)
  14 swamp worms
  5 acid dragons
  13 water moccasins
  6 hell hounds
  12 swamp drakes
  A sky beast (D:7)
  An ettin simulacrum (Abyss:4)
  31 orc warriors
  2 black bears
  2 necrophages
  4 ogres
  2 boggarts (Elf:2)
  4 centaurs
  8 wolves
  2 phantoms (D:5)
  The ghost of NoKap the Caller, an amateur OpSu (D:3)
  4 kobold brigands
  4 bullfrogs
  4 earth elementals
  A cane toad simulacrum (IceCv)
  3 scorpions
  A wyvern zombie (D:8)
  21 killer bees
  8 electric eels
  3 wights (D:5)
  7 howler monkeys
  A crimson imp (Abyss:2)
  6 jellies
  2 bullfrog zombies
  5 quasits
  An iron imp (Abyss:4)
  25 orc priests
  A bullfrog skeleton (D:5)
  4 centaur zombies
  5 hounds
  9 iguanas
  4 centaur skeletons
  20 orc wizards
  A killer bee zombie (D:5)
  4 polar bear simulacra (IceCv)
  11 adders
  3 gnolls (Orc:1)
  A howler monkey skeleton (D:7)
  A river rat (Sewer)
  A shadow imp (Abyss:1)
  13 white imps
  2 ufetubi (Abyss:2)
  A worm (D:5)
  A dart slug (D:5)
  76 orcs
  9 bats
  6 endoplasms
  5 giant cockroaches
  6 goblins
  6 hobgoblins
  12 jackals
  24 kobolds
  2 quokkas
  10 ball pythons
  3 frilled lizards (D:1)
  2 quokka skeletons
  8 rats
  A fire vortex (Swamp:4)
  3 starspawn tentacles
1067 creatures vanquished.

Vanquished Creatures (collateral kills)
  A deep elf elementalist (Elf:3)
  A necromancer (Elf:1)
  A large abomination (Abyss:4)
  A lurking horror (Abyss:4)
4 creatures vanquished.

Vanquished Creatures (others)
  A cacodemon (WizLab)
  A deep elf elementalist (Elf:3)
  A black sun (WizLab)
  A green death (WizLab)
  A hydra (Swamp:3)
  A ghost crab (Swamp:3)
  A sixfirhy (WizLab)
  A spriggan druid (Swamp:3)
  A bog body (Swamp:3)
  A swamp dragon (Swamp:4)
  A deep elf pyromancer (Elf:1)
  A rust devil (WizLab)
  2 smoke demons (WizLab)
  2 hellions (WizLab)
  2 orange demons (WizLab)
  An ice devil (WizLab)
  3 bloated husks
  2 hellwings (WizLab)
  2 spriggans (Swamp:3)
  2 ynoxinuls (WizLab)
  A fire bat (Swamp:3)
  A chaos spawn (WizLab)
  A swamp worm (Swamp:2)
  A swamp drake (Swamp:4)
  A small abomination (Abyss:1)
  A briar patch (Swamp:4)
  A bush (Lair:4)
  23 foxfires
  29 fungi
  77 plants
  46 starspawn tentacles
  12 toadstools (D:9)
222 creatures vanquished.

Grand Total: 1293 creatures vanquished

Notes
Turn   | Place    | Note
-------+----------+-------------------------------------------
     0 | Abyss:1  | Dabor the Formicid Abyssal Knight began the quest for the
                  | Orb.
     0 | Abyss:1  | Reached XP level 1. HP: 18/18 MP: 2/2
    52 | Abyss:1  | Noticed a centaur warrior skeleton
    71 | D:1      | Escaped the Abyss
   273 | D:1      | Reached skill level 1 in Dodging
   275 | D:1      | Found a faded altar of an unknown god.
   442 | D:1      | Reached XP level 2. HP: 17/24 MP: 3/3
   672 | D:1      | Reached * piety under Lugonu
   839 | D:1      | Reached XP level 3. HP: 29/29 MP: 4/4
  1567 | D:2      | Reached XP level 4. HP: 36/37 MP: 6/6
  2009 | D:2      | Found Ugyschag's Distillery.
  2021 | D:2      | Bought a potion of heal wounds for 60 gold pieces
  2021 | D:2      | Bought a potion of curing for 36 gold pieces
  2281 | D:3      | Found a transporter.
  2380 | D:3      | Found a transporter.
  2393 | D:3      | Found a glowing drain.
  2432 | Sewer    | Entered a sewer
  2455 | Sewer    | Reached XP level 5. HP: 24/42 MP: 7/7
  2629 | Sewer    | Noticed a kobold brigand
  2638 | Sewer    | Identified a scroll of acquirement
  2638 | Sewer    | Acquired a manual of Polearms
  2662 | Sewer    | Reached ** piety under Lugonu
  2676 | Sewer    | Killed a kobold brigand
  2677 | Sewer    | Reached skill level 3 in Polearms
  2894 | Sewer    | Found a white marble altar of Elyvilon.
  2986 | D:3      | Reached XP level 6. HP: 28/48 MP: 8/8
  3245 | D:3      | Noticed NoKap's ghost (amateur OpSu)
  3347 | D:3      | Found a glowing silver altar of Zin.
  3347 | D:3      | Noticed an angel
  4224 | D:4      | Noticed a water moccasin
  4287 | D:3      | Killed a water moccasin
  4288 | D:3      | Reached skill level 4 in Polearms
  4448 | D:3      | Reached XP level 7. HP: 27/55 MP: 9/9
  4803 | D:4      | Reached skill level 5 in Polearms
  5742 | D:3      | Killed NoKap's ghost
  5743 | D:3      | Reached skill level 5 in Fighting
  5743 | D:3      | Reached XP level 8. HP: 62/62 MP: 11/11
  5760 | D:3      | Reached skill level 6 in Polearms
  5785 | D:3      | Acquired the +7 glaive of Doom {vorpal, rElec rC+ rN+}
  5819 | D:5      | Entered Level 5 of the Dungeon
  6100 | D:5      | Reached skill level 5 in Invocations
  6206 | D:5      | Reached *** piety under Lugonu
  6207 | D:5      | Reached skill level 7 in Polearms
  6221 | D:5      | Found a shimmering altar of Xom.
  6250 | D:5      | Reached skill level 5 in Armour
  6314 | D:5      | Found Gucsemoq's Jewellery Shoppe.
  6553 | D:5      | Found Ojetz's Specific Store.
  6555 | D:5      | Found Pogog's General Store.
  6703 | D:5      | Reached skill level 8 in Polearms
  6703 | D:5      | Reached XP level 9. HP: 63/69 MP: 13/13
  7388 | D:6      | Noticed Grinder
  7396 | D:6      | Reached skill level 9 in Polearms
  7405 | D:6      | Killed Grinder
  7920 | D:6      | Noticed Maggie
  7934 | D:6      | Killed Maggie
  7947 | D:6      | Found a staircase to the Ecumenical Temple.
  8267 | D:7      | Reached skill level 10 in Polearms
  8272 | D:7      | Reached XP level 10. HP: 50/77 MP: 9/15
  8637 | D:7      | Reached skill level 5 in Dodging
  8720 | D:7      | Found an iron altar of Okawaru.
  9015 | D:8      | Noticed a two-headed ogre
  9031 | D:8      | Killed a two-headed ogre
  9032 | D:8      | Reached skill level 11 in Polearms
  9032 | D:8      | Reached skill level 1 in Evocations
  9359 | D:8      | Found a burning altar of Makhleb.
  9469 | D:8      | Reached **** piety under Lugonu
  9703 | D:8      | Found a broken altar of Ashenzari.
  9704 | D:8      | Found a bloodstained altar of Trog.
  9771 | D:8      | Reached XP level 11. HP: 80/85 MP: 14/16
  9776 | D:8      | Found a staircase to the Lair.
  9780 | D:8      | Reached skill level 12 in Polearms
 10004 | D:8      | Identified the +2 buckler of the Thistle {Will++ rCorr
                  | Stlth+}
 10369 | D:8      | Reached skill level 1 in Shields
 10418 | Lair:1   | Entered Level 1 of the Lair of Beasts
 10504 | D:5      | Bought an amulet of regeneration for 390 gold pieces
 10686 | Lair:1   | Noticed a seven-headed hydra
 10701 | Lair:1   | Banished a seven-headed hydra
 11324 | Lair:1   | Reached skill level 13 in Polearms
 11666 | Lair:2   | Noticed a six-headed hydra
 11678 | Lair:2   | Banished a six-headed hydra
 11679 | Lair:2   | Reached XP level 12. HP: 40/94 MP: 12/18
 12163 | Lair:2   | Noticed a four-headed hydra
 12314 | Lair:2   | Banished a 14-headed hydra
 12827 | Lair:3   | Found a staircase to the Snake Pit.
 12886 | Lair:3   | Noticed a five-headed hydra
 12901 | Lair:3   | Killed a five-headed hydra
 13116 | Lair:3   | Reached skill level 14 in Polearms
 13220 | Lair:3   | Found a staircase to the Swamp.
 13273 | Lair:3   | Reached skill level 10 in Invocations
 13313 | Lair:3   | Reached XP level 13. HP: 103/103 MP: 20/20
 13532 | Lair:3   | Reached skill level 10 in Fighting
 13725 | Lair:4   | Noticed a seven-headed hydra
 13735 | Lair:4   | Killed a ten-headed hydra
 14451 | Lair:4   | Corrupted Lair:4
 14451 | Lair:4   | Noticed a blizzard demon
 14451 | Lair:4   | Noticed a starcursed mass
 14458 | Lair:4   | Noticed a starcursed mass
 14494 | Lair:4   | Noticed a tentacled starspawn
 14503 | Lair:4   | Noticed a lich
 14653 | Lair:5   | Reached skill level 10 in Armour
 14705 | Lair:5   | Found a runed translucent gate.
 14705 | Lair:5   | Found a runed translucent gate.
 14705 | Lair:5   | Found a runed translucent gate.
 14709 | Lair:5   | Noticed Berchol's ghost (journeyman DgCj)
 14709 | Lair:5   | Noticed a 12-headed hydra
 14744 | Lair:5   | Upgraded the game from 0.28-a0-479-g5baa6b73be to
                  | 0.28-a0-502-g6c43a8f463
 14866 | Lair:5   | Reached skill level 1 in Stealth
 15695 | D:9      | Found a blossoming altar of Fedhas.
 15816 | D:9      | Noticed Maurice
 15818 | D:9      | Banished Maurice
 15852 | D:9      | Found a glowing golden altar of the Shining One.
 16425 | D:10     | Entered Level 10 of the Dungeon
 16431 | D:10     | Noticed a centaur warrior
 16436 | D:10     | Killed a centaur warrior
 16446 | D:10     | Noticed an ogre mage
 16446 | D:10     | Found the ring of Shadows {Umbra +Inv Stlth+}
 16450 | D:10     | Killed an ogre mage
 16690 | D:10     | Reached XP level 14. HP: 95/111 MP: 22/22
 16797 | D:10     | Reached skill level 15 in Polearms
 17372 | D:10     | Identified the +4 chain mail of the Dice {Int+4}
 17637 | D:11     | Noticed Urug
 17639 | D:11     | Noticed Josephine
 17646 | D:11     | Killed Urug
 17651 | D:11     | Killed Josephine
 17719 | D:11     | Found a staircase to the Orcish Mines.
 17766 | D:11     | Reached ***** piety under Lugonu
 17788 | D:11     | Found a frozen archway.
 17804 | IceCv    | Entered an ice cave
 18560 | D:11     | Noticed Nergalle
 18569 | D:11     | Killed Nergalle
 19069 | Orc:1    | Entered Level 1 of the Orcish Mines
 19861 | Orc:2    | Entered Level 2 of the Orcish Mines
 19861 | Orc:2    | Found Zadghoet's Jewellery Boutique.
 19871 | Orc:2    | Reached XP level 15. HP: 120/120 MP: 24/24
 19894 | Orc:2    | Noticed Azrael
 19907 | Orc:2    | Killed Azrael
 20003 | Orc:2    | Noticed an orc warlord
 20107 | Orc:2    | Found a flickering gateway to a bazaar.
 20114 | Bazaar   | Entered a bazaar
 20122 | Bazaar   | Found Roqauciph's Jewellery Shop.
 20147 | Bazaar   | Found Kyruc's Book Shop.
 20270 | Orc:2    | Killed an orc warlord
 20319 | Orc:2    | Found Orem Qoduhog's Weapon Boutique.
 20405 | Orc:2    | Found a staircase to the Elven Halls.
 20508 | Orc:2    | Reached ****** piety under Lugonu
 20634 | Orc:2    | Found Yrukh's Distillery.
 20696 | Orc:2    | Found Heloceots's Antique Armour Shop.
 20700 | Orc:2    | Found Kuduhid's Antique Weapon Boutique.
 20794 | Orc:2    | Found Nopedu's Assorted Antiques.
 20803 | Orc:2    | Bought a scroll labelled XIUFAL ANAY for 15 gold pieces
 20803 | Orc:2    | Bought a potion of curing for 45 gold pieces
 21139 | Orc:2    | Found Fikiata's Assorted Antiques.
 21341 | Orc:2    | Bought a potion of might for 60 gold pieces
 21393 | Orc:2    | Bought a glowing plate armour for 624 gold pieces
 21615 | D:2      | Bought a potion of mutation for 96 gold pieces
 21615 | D:2      | Bought a potion of mutation for 96 gold pieces
 21828 | Orc:2    | Bought a potion of resistance for 180 gold pieces
 21828 | Orc:2    | Bought a potion of might for 72 gold pieces
 21828 | Orc:2    | Bought a potion of curing for 54 gold pieces
 21828 | Orc:2    | Bought a potion of curing for 54 gold pieces
 21828 | Orc:2    | Bought a potion of curing for 54 gold pieces
 21828 | Orc:2    | Bought a potion of curing for 54 gold pieces
 21828 | Orc:2    | Bought a potion of curing for 54 gold pieces
 22159 | Swamp:1  | Entered Level 1 of the Swamp
 22214 | Swamp:1  | Reached skill level 10 in Dodging
 22222 | Swamp:1  | Reached skill level 1 in Throwing
 22379 | Swamp:1  | Noticed a thorn hunter
 22387 | Swamp:1  | Killed a thorn hunter
 23618 | Swamp:2  | Identified the +0 pair of boots "Tufi" {Str+4}
 23872 | Swamp:3  | Noticed a ghoul
 23872 | Swamp:3  | Noticed a ghoul
 23872 | Swamp:3  | Noticed a ghoul
 23885 | Swamp:2  | Killed a ghoul
 24061 | Swamp:3  | Reached XP level 16. HP: 129/129 MP: 25/25
 24080 | Swamp:3  | Reached skill level 16 in Polearms
 24221 | Swamp:3  | Noticed a thorn hunter
 24234 | Swamp:3  | Banished a thorn hunter
 24589 | Swamp:3  | Corrupted Swamp:3
 24589 | Swamp:3  | Noticed a tentacled starspawn
 24589 | Swamp:3  | Noticed a tentacled starspawn
 24589 | Swamp:3  | Noticed a tentacled starspawn
 24589 | Swamp:3  | Noticed a tentacled starspawn
 24589 | Swamp:3  | Noticed a tentacled starspawn
 24601 | Swamp:3  | Noticed a tentacled starspawn
 24816 | Swamp:4  | Entered Level 4 of the Swamp
 24856 | Swamp:4  | Noticed Nikola
 25181 | Swamp:4  | Noticed a thorn hunter
 25252 | Swamp:4  | Killed a thorn hunter
 25448 | Swamp:4  | Found a runed translucent door.
 25450 | Swamp:4  | Noticed TimeIsEndless's ghost (adept FoFi)
 26066 | Swamp:4  | Got a decaying rune of Zot
 26656 | Swamp:4  | Killed Nikola
 26657 | Swamp:4  | Reached XP level 17. HP: 97/137 MP: 27/27
 26849 | Swamp:4  | Killed TimeIsEndless's ghost
 26868 | Swamp:4  | Identified the amulet "Leddag" {RegenMP rF+ rCorr}
 27078 | Elf:1    | Entered Level 1 of the Elven Halls
 27177 | Elf:1    | Found Kipn's Self-Improvement Boutique.
 27213 | Elf:1    | Found a huge runed gate.
 27213 | Elf:1    | Found a huge runed gate.
 27213 | Elf:1    | Found a huge runed gate.
 27214 | Elf:1    | Found a huge runed gate.
 27215 | Elf:1    | Found a huge runed gate.
 27216 | Elf:1    | Found a huge runed gate.
 27217 | Elf:1    | Found a huge runed gate.
 27413 | Elf:1    | Found a magical portal.
 27422 | WizLab   | Entered The Hall of the Hellbinder
 27477 | WizLab   | Gained mutation: Armour fits poorly on your strangely
                  | shaped body. [a neqoxec]
 27645 | WizLab   | Corrupted WizLab
 27645 | WizLab   | Noticed a tentacled starspawn
 27645 | WizLab   | Noticed a bone dragon
 27645 | WizLab   | Noticed a tentacled starspawn
 27959 | WizLab   | Noticed Pytow
 27960 | WizLab   | Banished Pytow the Hellbinder
 27961 | WizLab   | Reached skill level 5 in Evocations
 27965 | WizLab   | Found a burning altar of Makhleb.
 28308 | Abyss:3  | Lost mutation: Armour fits poorly on your strangely shaped
                  | body. [potion of mutation]
 28308 | Abyss:3  | Gained mutation: You passively map a small area around you.
                  | [potion of mutation]
 28325 | Abyss:3  | Gained mutation: Armour fits poorly on your strangely
                  | shaped body. [a cacodemon]
 28327 | Abyss:3  | Gained mutation: You have hidden genetic defects. [a
                  | cacodemon]
 28361 | Abyss:3  | Noticed a bone dragon
 28373 | WizLab   | Escaped the Abyss
 28404 | WizLab   | Identified the ring "Kojuon" {rElec rF+ SInv Stlth+}
 28406 | WizLab   | Identified the +4 spear of Todikon {flame, Drain +Blink rF+
                  | rN+}
 28407 | WizLab   | Identified the ring of Vutoet {Fire Slay+2}
 28449 | WizLab   | Got Asmodeus's Grimoire of Companions
 28560 | Elf:1    | Reached skill level 5 in Stealth
 28630 | Elf:1    | Noticed Xplodonator's ghost (journeyman MiBe)
 28630 | Elf:1    | Noticed Naivonosm's ghost (journeyman DEIE)
 28630 | Elf:1    | Noticed Eheximeo's ghost (adept GnBe)
 28630 | Elf:1    | Noticed Suip's ghost (adept MiFi)
 28630 | Elf:1    | Noticed Kiunuk's ghost (adept DsIE)
 28633 | Elf:1    | Noticed Cakin's ghost (adept DDNe)
 28762 | Elf:2    | Killed Suip's ghost
 28789 | Elf:2    | Lost mutation: Armour fits poorly on your strangely shaped
                  | body. [potion of mutation]
 28789 | Elf:2    | Gained mutation: Your system is resistant to poisons.
                  | (rPois) [potion of mutation]
 28789 | Elf:2    | Gained mutation: Your spells are a little harder to cast,
                  | but a little more powerful. [potion of mutation]
 28789 | Elf:2    | Gained mutation: Your natural rate of healing is unusually
                  | fast. [potion of mutation]
 28848 | Elf:2    | Gained mutation: You have terrible hidden genetic defects.
                  | [hidden defects]
 28868 | Elf:2    | Found a runed translucent gate.
 28868 | Elf:2    | Found a runed translucent gate.
 28868 | Elf:2    | Found a runed translucent gate.
 28966 | Elf:2    | Reached XP level 18. HP: 143/147 MP: 28/28
 29029 | Elf:2    | Reached skill level 17 in Polearms
 29047 | Elf:2    | Gained mutation: You sometimes lose the ability to read
                  | scrolls when taking damage. [hidden defects]
 29047 | Elf:2    | Lost mutation: You have terrible hidden genetic defects.
                  | [hidden defects expressed]
 29069 | Elf:2    | Reached skill level 5 in Shields
 29614 | Elf:2    | Gained mutation: Potions are less effective at restoring
                  | your health. [hidden defects]
 29740 | Elf:2    | Found a shimmering blue altar of Sif Muna.
 29857 | Elf:2    | Acquired a manual of Throwing
 29909 | Elf:2    | Identified the amulet "Tahauts" {RegenMP rElec Int+6}
 30023 | Elf:2    | Found Ysun's Assorted Antiques.
 30120 | Elf:2    | Bought a potion of heal wounds for 150 gold pieces
 30566 | Elf:3    | Entered Level 3 of the Elven Halls
 30652 | Elf:3    | Gained mutation: [You are clumsy. (Dex -2)] [hidden
                  | defects]
 30652 | Elf:3    | Lost mutation: You have hidden genetic defects. [hidden
                  | defects expressed]
 30690 | Elf:3    | Found Curis's Antique Armour Emporium.
 31052 | Elf:3    | Noticed an Executioner
 31163 | Elf:3    | Noticed a deep elf blademaster
 31165 | Elf:3    | Noticed a deep elf blademaster
 31174 | Elf:3    | Killed a deep elf blademaster
 31175 | Elf:3    | Reached skill level 5 in Throwing
 31180 | Elf:3    | Killed a deep elf blademaster
 31344 | Abyss:2  | Noticed a lich
 31351 | Abyss:2  | Killed a lich
 31352 | Abyss:2  | Reached skill level 15 in Fighting
 31368 | Abyss:2  | Noticed a bone dragon
 31390 | Abyss:2  | Killed a bone dragon
 31391 | Abyss:2  | Reached XP level 19. HP: 110/155 MP: 30/30
 31409 | Abyss:2  | Reached skill level 15 in Invocations
 31531 | Elf:3    | Escaped the Abyss
 31531 | Elf:3    | Noticed a deep elf blademaster
 31548 | Elf:3    | Killed a deep elf blademaster
 31662 | Elf:3    | Reached skill level 15 in Armour
 31674 | Elf:3    | Noticed a Hell Sentinel
 32235 | Elf:3    | Identified the +7 trident "Earthworm" {freeze, Int+2}
 32239 | Elf:3    | Noticed an Ice Fiend
 32255 | Elf:3    | Noticed a Brimstone Fiend
 32596 | Elf:3    | Got the Almanac of Toxins and Earth
 32757 | Elf:3    | Identified the +7 plate armour of Uvvax {Dex+4}
 32760 | Elf:3    | Identified the +0 plate armour "Cadoxurro" {Contam *Slow
                  | Fly rN+++}
 32761 | Elf:3    | Identified the +1 robe "Taralew" {-Cast rN+ rCorr Dex+6}
 32809 | Elf:3    | Identified the +2 pair of gloves of Beakis {Harm rF- rC+}
 32812 | Elf:3    | Identified the +6 ice dragon scales of Moifips {rF- rC++
                  | Stlth+}
 32816 | Elf:3    | Identified the +1 scimitar of Xuarph {speed, Str+5}
 32822 | Elf:3    | Identified the ring "Cereach" {Ice MP+9 Int+5}
 32827 | Elf:3    | Identified the ring "Soodinua" {Will+ Stlth+}
 33044 | Elf:1    | Killed Cakin's ghost
 33132 | Elf:1    | Killed Kiunuk's ghost
 33170 | Elf:1    | Killed Eheximeo's ghost
 33185 | Elf:1    | Killed Xplodonator's ghost
 33221 | Elf:1    | Killed Naivonosm's ghost
 33366 | Elf:1    | Bought a manual of Armour for 1280 gold pieces
 33423 | Elf:1    | Got Orucoasi's Incunabulum of Stolen Souls
 33466 | Elf:1    | Identified the +1 dagger "Ylihoodgh" {drain, rCorr}
 34089 | Lair:5   | Killed Berchol's ghost
 34117 | Lair:6   | Entered Level 6 of the Lair of Beasts
 34130 | Lair:6   | Reached XP level 20. HP: 149/164 MP: 31/31
 34349 | Lair:6   | Found a staircase to the Slime Pits.
 34667 | Lair:6   | Reached skill level 18 in Polearms
 34750 | Lair:6   | Found a runed translucent door.
 35505 | Snake:1  | Entered Level 1 of the Snake Pit
 35510 | Snake:1  | Noticed Agnes
 35632 | Lair:3   | Killed Agnes
 35941 | Abyss:1  | Killed Maurice
 36114 | Abyss:1  | Found a corrupted altar of Lugonu.
 36225 | Abyss:1  | Found a shimmering blue altar of Sif Muna.
 36292 | Abyss:2  | Identified the +5 mace "Huyja" {vorpal, Contam Dex+6}
 36406 | Abyss:2  | Gained mutation: You occasionally shout uncontrollably at
                  | your foes. [a neqoxec]
 36938 | Abyss:4  | Reached XP level 21. HP: 137/137 MP: 22/26
 37059 | Abyss:4  | HP: 8/172 [starcursed mass/accursed screaming (8)]
 37059 | Abyss:4  | Demolished by a large abomination

Illustrated notes

Levels and vault maps discovered:
D:1:      dpeg_arrival_rhombus, layout_loops_ring,
          hellmonk_ecumenical_altar_crossroads, minmay_misc_feat_tower
D:2:      layout_loops_ring, serial_shops, shop, grunt_ministairs_13,
          minmay_misc_feat_nine_boxes
D:3:      layout_loops_ring, zin_angel, gammafunk_ghost_stat_death,
          portal_sewer_entry_c, st_stairs_9
D:4:      layout_basic, minmay_misc_feat_secret_circle,
          minmay_misc_feat_diagonals
D:5:      layout_layer_cave, mainiacjoe_overflow_concentric_impassable,
          serial_shops, shop, corexii_checkpoint_a, kennysheep_crisscross,
          nicolae_specific_store, wad_floor_pattern_untrapped
D:6:      layout_loops_ring, minmay_temple_entry_enclosed_plants, uniq_maggie,
          uniq_grinder
D:7:      layout_basic, mainiacjoe_overflow_boulevard, st_stairs_3, minivault_22
D:8:      layout_loops_cross, bloody_makhleb, gammafunk_temple_overflow_statue,
          erik_lair_island
D:9:      layout_stronghold, nicolae_overflow_crystal_walls, tgw_fedhas,
          uniq_maurice
D:10:     minmay_the_grid_4x2 [minmay_the_grid_all_tris,
          minmay_the_grid_small_cups, minmay_the_grid_large_cup,
          minmay_the_grid_armoury, minmay_the_grid_mess,
          minmay_the_grid_stretched_grid, minmay_the_grid_box_x,
          minmay_the_grid_prize_four_corners_diamond_a], layout_rooms,
          minmay_misc_feat_hallway, minivault_16, minmay_evil_grid
D:11:     layout_loops_ring, orc_0_dummy, portal_ice_cave_entry_imps,
          uniq_josephine, uniq_nergalle, uniq_urug
Lair:1:   layout_gridlike, wad_woods_river_03, lemuel_fruit_tree,
          grunt_megastairs_5
Lair:2:   layout_regular_city, chequers_serial_rivers_large_a
Lair:3:   layout_loops_ring, minmay_swamp_entry_swarm,
          minmay_snake_entry_guardpost_small, bobbens_dragon_lair_wall,
          lemuel_fruit_fields, infiniplex_staircase_pool
Lair:4:   layout_gridlike, serial_bayou_shore_a
Lair:5:   layout_hall_layers, gammafunk_ghost_hydra_chop, special_room
          [special_room_bee]
Lair:6:   guppyfry_lair_end_dragon, layout_small_grid, wormcave,
          nicolae_slime_entry_slimehenge, infiniplex_staircase_pool_2
Swamp:1:  layout_basic_swamp, nicolae_swamp_dense_foliage
Swamp:2:  layout_falls_marsh, evilmike_swamp_ruin_house_1, swamp_pool4,
          nicolae_swamp_bloodsuckers_inc
Swamp:3:  layout_basic_swamp, hangedman_swamp_pad
Swamp:4:  swamp_fiery, layout_basic_swamp, ebering_ghost_reflecting_pool,
          uniq_nikola
Snake:1:  layout_rooms, serial_shops, shop, corexii_hall_statues_l,
          nicolae_shop_clearance, uniq_agnes
Orc:1:    layout_caves, mines_bat_river
Orc:2:    grunt_orc_community_town_hall, layout_caves,
          grunt_orc_community_big_house_2, grunt_orc_community_big_house_1,
          grunt_orc_community_house_3, grunt_orc_community_house_3,
          grunt_orc_community_house_3, grunt_orc_community_house_1,
          grunt_orc_community_house_3, grunt_orc_community_house_2,
          serial_shops, bzr_entry_water, nicolae_shop_trees, shop,
          nicolae_shop_behind_doors, nicolae_volcano_entry_s_turn,
          nicolae_orc_sculptors_studio, uniq_azrael
Elf:1:    layout_geoelf_octagon, mu_enter_wizlab_4, gammafunk_ghost_door_vault,
          minmay_elf_necromancy, nicolae_shop_self_help
Elf:2:    nicolae_elf_blades_crystal_corner, layout_loops_corners,
          serial_sigils, serial_sigils_hangedman_scar,
          serial_sigils_hangedman_scratch, serial_sigils_hangedman_etch,
          serial_sigils_hangedman_gut, serial_shops, nicolae_shop_stone,
          hangedman_summoners_spam
Elf:3:    minmay_elf_hall_hex, layout_geoelf_diagonals, serial_shops, shop,
          uniq_louise
Abyss:4:  base: Snake:3, evilmike_abyss_exit_14, evilmike_abyss_exit_14,
          evilmike_abyss_exit_12, doesnt_abyss_rune_brain_food,
          nicolae_abyss_rune_left_handed, evilmike_abyss_exit_3, minivault_1,
          hangedman_shadowy_showcase, gammafunk_abyss_rune_reverse_zot

Skill      XL: |  1  2  3  4  5  6  7  8  9 10 11 12 13 14 15 16 17 18 19 20 |
---------------+-------------------------------------------------------------+-----
Dodging        | 1 2 3 4 5 6 7 8 9 10 11 12 13 | 13.5
Invocations    | 3 4 5 6 7 9 10 11 12 13 14 15 | 15.8
Armour         | 3 4 5 6 7 8 9 10 11 12 13 14 15 16 | 16.2
Fighting       | 4 5 6 7 8 9 10 11 12 13 14 15 16 | 16.4
Polearms       | 3 4 5 8 10 11 13 14 15 16 17 18 | 18.4
Evocations     | 3 4 5 6 7 |  7.2
Shields        | 2 3 4 6 7 9 |  9.8
Stealth        | 3 5 |  5.0
Throwing       | 3 4 5 7 9 |  9.0

Action                   |  1- 3 |  4- 6 |  7- 9 | 10-12 | 13-15 | 16-18 | 19-21 || total
-------------------------+-------+-------+-------+-------+-------+-------+-------++-------
Melee: Spear             |    95 |   235 |   106 |       |    10 |    54 |       ||   500
       Glaive            |       |       |   138 |   349 |   997 |  1091 |  1136 ||  3711
       Trident           |       |       |       |       |       |     7 |    29 ||    36
       Bardiche          |       |       |       |       |       |       |    12 ||    12
Throw: Stone             |       |     7 |    20 |    10 |       |       |       ||    37
       Throwing net      |       |       |     3 |       |     1 |     1 |       ||     5
       Dart              |       |       |       |    46 |   106 |   101 |   152 ||   405
       Javelin           |       |       |       |       |       |    12 |     3 ||    15
       Boomerang         |       |       |       |       |       |       |     1 ||     1
Invok: Depart the Abyss  |     1 |       |       |       |       |     1 |       ||     2
       Bend Space        |       |     8 |     5 |    21 |    16 |    43 |     9 ||   102
       Banish            |       |       |       |     6 |     8 |     6 |     1 ||    21
       Corrupt           |       |       |       |       |     1 |     2 |       ||     3
       Enter the Abyss   |       |       |       |       |       |     2 |     1 ||     3
 Abil: Dig               |       |       |       |       |    23 |    24 |    62 ||   109
Evoke: Wand              |       |       |       |    22 |    34 |    19 |     7 ||    82
       Phial of floods   |       |       |       |       |     1 |     5 |     1 ||     7
       Tin of tremorston |       |       |       |       |     2 |     7 |     3 ||    12
       Box of beasts     |       |       |       |       |       |       |     3 ||     3
  Use: Scroll            |       |     5 |     6 |     4 |    15 |     5 |    13 ||    48
       Potion            |       |     4 |     1 |       |     4 |    20 |     8 ||    37
 Stab: Sleeping          |       |     1 |       |       |       |       |       ||     1
       Held in net/web   |       |       |     1 |       |       |       |       ||     1
       Distracted        |       |       |       |       |       |       |     1 ||     1
Armor: Leather armour    |    20 |    48 |       |       |       |       |       ||    68
       Skin              |       |    58 |       |       |     1 |       |       ||    59
       Ring mail         |       |    18 |     9 |       |       |       |       ||    27
       Plate armour      |       |       |   131 |   127 |   605 |   724 |   457 ||  2044
Dodge: Dodged            |    56 |   133 |    65 |   119 |   448 |   518 |   361 ||  1700
Block: Buckler           |       |       |       |    63 |   327 |   324 |   325 ||  1039

Table legend: (Time is in decaauts)
 A = Elapsed time spent in this place.
 B = Non-inter-level travel time spent in this place.
 C = Inter-level travel time spent in this place.
 D = Time resting spent in this place.
 E = Time spent auto-exploring this place.
 F = Levels seen in this place.
 G = Mean time per level.
                   A        B        C        D        E       F      G
               +--------+--------+--------+--------+--------+-----+--------+
         Total |  37117 |  34029 |   3088 |   4794 |  14848 |  41 |  905.3 |
       Dungeon |  13756 |  12452 |   1304 |   2059 |   7024 |  11 | 1250.5 |
          Lair |   6707 |   6083 |    624 |    556 |   3079 |   6 | 1117.8 |
         Swamp |   5066 |   4576 |    490 |   1135 |   1604 |   4 | 1266.5 |
     Snake Pit |    171 |    171 |      0 |      0 |      9 |   1 |  171.0 |
  Orcish Mines |   2680 |   2291 |    389 |     52 |    800 |   2 | 1340.0 |
   Elven Halls |   5169 |   4890 |    279 |    259 |   1950 |   3 | 1723.0 |
         Abyss |   1831 |   1831 |      0 |    164 |     73 |  10 |  183.1 |
        Bazaar |     53 |     53 |      0 |      0 |      0 |   1 |   53.0 |
         Sewer |    554 |    554 |      0 |    174 |    255 |   1 |  554.0 |
      Ice Cave |    431 |    431 |      0 |    256 |      0 |   1 |  431.0 |
        Wizlab |    695 |    695 |      0 |    138 |     52 |   1 |  695.0 |
               +--------+--------+--------+--------+--------+-----+--------+

Top non-repeatable levels by time:
   Elf:2: 1996 daAuts
   Elf:3: 1995 daAuts
     D:3: 1941 daAuts
 Swamp:3: 1905 daAuts
   Orc:2: 1708 daAuts
     D:5: 1645 daAuts
     D:8: 1338 daAuts
  Lair:2: 1325 daAuts
  Lair:6: 1290 daAuts
    D:10: 1247 daAuts
 Swamp:2: 1187 daAuts
   Elf:1: 1177 daAuts
     D:7: 1168 daAuts
 Swamp:4: 1152 daAuts
     D:1: 1147 daAuts
